 Dungeon Crawl Stone Soup version 0.15-a0-217-g70ad64b (webtiles) character file.

144 Mirroar the Skirmisher (level 4, 0/40 HPs)
             Began as a Hill Orc Fighter on Apr 24, 2014.
             Succumbed to an adder's poison
             ... on Level 3 of the Dungeon.
             The game lasted 00:11:03 (2574 turns).

Mirroar the Skirmisher (Hill Orc Fighter)           Turns: 2574, Time: 00:11:03

HP   0/40        AC  7     Str 19      XL: 4   Next: 32%
MP   4/4         EV  6     Int  8      God:
Gold 68          SH 18     Dex 10      Spells:  0 memorised,  3 levels left

rFire  . . .     SeeInvis .     a - +0 flail
rCold  . . .     Clarity  .     b - +0 scale mail
rNeg   . . .     Conserve .     c - +0 shield
rPois  .         rCorr    .     (no helmet)
rElec  .         rRot     .     (no cloak)
SustAb . .       Spirit   .     (no gloves)
rMut   .         Warding  .     (no boots)
Saprov + . .     Stasis   .     (no amulet)
MR     .....                    (no ring)
                                (no ring)

@: invisible, lethally poisoned, very slightly contaminated, not resistant to
hostile enchantments, extremely unstealthy
A: saprovore 1
a: no special abilities


You were on level 3 of the Dungeon.
You were hungry.

You visited 1 branch of the dungeon, and saw 3 of its levels.

You collected 68 gold pieces.

Inventory:

Hand weapons
 a - a +0,+0 flail (weapon)
Missiles
 i - 34 arrows
 m - 23 bolts
Armour
 b - a +0 scale mail (worn)
 c - a +0 shield (worn)
Comestibles
 d - 2 meat rations
 k - a rambutan
 p - an apple
 r - a snozzcumber
 s - 2 bread rations
 u - a choko
Scrolls
 f - 2 scrolls of identify {unknown}
 h - 2 scrolls of random uselessness {unknown}
 j - 3 scrolls of remove curse {unknown}
 q - 2 scrolls of magic mapping {unknown}
 v - a scroll of blinking {unknown}
Potions
 e - a potion of might
 g - a potion of agility {unknown}
 l - 2 potions of restore abilities
 n - a potion of brilliance {unknown}
 o - a potion of invisibility
 t - a potion of heal wounds {unknown}


   Skills:
 + Level 4.1 Fighting
 * Level 3.2 Maces & Flails
 + Level 3.9 Armour
 + Level 4.0 Shields


You had 3 spell levels left.
You didn't know any spells.

Dungeon Overview and Level Annotations

Branches:
Dungeon (3/15)

Altars:
The Shining One


Innate Abilities, Weirdness & Mutations

You can tolerate rotten meat.


Message History

The jackal bites you but does no damage.
You hit the jackal but do no damage.
You feel sick. You block the jackal's attack. The jackal bites you.
* * * LOW HITPOINT WARNING * * *
You miss the jackal.
The jackal bites you but does no damage.
The jackal bites you.
* * * LOW HITPOINT WARNING * * *
Your shield and scale mail prevent you from hitting the jackal.
You feel sick. You block the jackal's attack. The jackal barely misses you.
You barely miss the jackal. The jackal bites you.
* * * LOW HITPOINT WARNING * * *
The jackal bites you.
* * * LOW HITPOINT WARNING * * *
You sock the jackal!
You kill the jackal!
You block the adder's attack.
You closely miss the adder.
The adder is moderately wounded.
You die...

############## #.............
################## #).....#######
.................###......#######
.................................
..................(..............
################.###.#.....######
#.# #.......# #@# ###.....# #S#
##.#### #h# #.######### ###.###
#.##.....<. #.....# #.##.......
#.....####.##...)...
#................... .
#<....####.##...%..( .....>
#.#.### #.##.......


You could see an adder and a jackal.

Vanquished Creatures
  2 adders (D:3)
  A worm (D:2)
  A giant gecko (D:2)
  An ooze (D:1)
  6 bats
  7 goblins
  6 hobgoblins
  A jackal (D:3)
  9 kobolds
  5 giant cockroaches
  4 giant newts
  7 rats
50 creatures vanquished.

Notes
Turn   | Place    | Note
--------------------------------------------------------------
     0 | D:1      | Mirroar, the Hill Orc Fighter, began the quest for the Orb.
     0 | D:1      | Reached XP level 1. HP: 19/19 MP: 1/1
    75 | D:1      | Reached XP level 2. HP: 10/27 MP: 2/2
   773 | D:1      | Reached XP level 3. HP: 29/33 MP: 3/3
  1631 | D:2      | Found a glowing golden altar of the Shining One.
  2117 | D:3      | Reached skill level 4 in Fighting
  2117 | D:3      | Reached XP level 4. HP: 8/40 MP: 4/4
  2572 | D:3      | HP: 1/40 [jackal (3)]
  2574 | D:3      | Succumbed to an adder's poison

Action                   |  1- 3 |  4- 6 || total
-------------------------+-------+-------++-------
Melee: Flail             |   170 |    49 ||   219
  Use: Potion            |       |     2 ||     2
 Stab: Invisible         |       |     1 ||     1
